 Dungeon Crawl Stone Soup version 0.31-a0-182-gc5ef74bbde (webtiles) character file.

Game seed: 13293308985990404152

42 Elmgren the Shooter (level 3, -4/32 HPs)
             Began as a Naga Hunter on June 21, 2023.
             Slain by a black bear (5 damage)
             ... on level 3 of the Dungeon.
             The game lasted 00:03:14 (1677 turns).

Elmgren the Shooter (Naga Hunter)                   Turns: 1677, Time: 00:03:14

Health: -4/32      AC:  2    Str: 13    XL:     3   Next: 54%
Magic:  3/3        EV:  9    Int:  9    God:
Gold:   114        SH:  0    Dex: 16    Spells: 2/2 levels left

rFire   . . .        a - +0 shortbow
rCold   . . .        (shield currently unavailable)
rNeg    . . .        c - +0 leather armour
rPois   +            h - +0 hat
rElec   .            (no cloak)
rCorr   .            (no gloves)
SInv    +            (no barding)
Will    .....        (no amulet)
Stlth   ++           (no ring)
HPRegen 0.25/turn    (no ring)
MPRegen 0.08/turn

%: no passive effects
@: very slow
A: AC +1, large, see invisible, deformed body, poison resistance, slowness 2,
spit poison 1, naga tail 1
a: Spit Poison


You were on level 3 of the Dungeon.
You visited 1 branch of the dungeon, and saw 3 of its levels.

You collected 114 gold pieces.

Inventory:

Hand Weapons
 a - a +0 shortbow (weapon)
Armour
 c - a +0 leather armour (worn)
 h - a +0 hat (worn)
   (You found it on level 3 of the Dungeon)
Scrolls
 b - a scroll of butterflies
 f - 2 scrolls of teleportation {!r!d, @r3}
 i - a scroll of immolation {!r}
Potions
 d - a potion of ambrosia {unknown}
 e - a potion of resistance
 g - a potion of lignification {unknown}
 j - a potion of curing {unknown}


   Skills:
 - Level 2.0 Fighting
 + Level 4.7 Ranged Weapons
 - Level 1.5 Dodging
 - Level 1.5 Stealth


You had 2 spell levels left.
You didn't know any spells.
Your spell library contained the following spells:

 Spells                   Type           Power      Damage    Failure   Level
 Shock                    Conj/Air       0%         1d3       45%         1


Dungeon Overview and Level Annotations

Branches:
Dungeon (3/15)

Altars:


Innate Abilities, Weirdness & Mutations

Your serpentine skin is tough. (AC +1)
You have supernaturally acute eyesight. (SInv)
Armour fits poorly on your strangely shaped body.
Your system is resistant to poisons. (rPois)
You cover ground very slowly.
You can spit poison.
You have a snake-like lower body.


Message History

Health restored: 32 You shoot an arrow.
The arrow hits the rat!
You kill the rat!
You see here a rat corpse.
You see here a rat corpse.
There is an open door here.
You now have 114 gold pieces (gained 8).
Done exploring.
No target in view!
Done exploring.
Okay, then.
No target in view!
Done exploring.
Search for what [Enter for "@", or ? for help]? @ Search for what [Enter for "@", or ? for help]? @
There is an open door here.
There is a stone staircase leading down here.
Okay, then.
You climb downwards.
Found a stone staircase leading down.
There is a stone staircase leading up here.
No target in view!
A hobgoblin comes into view.
The hobgoblin shouts!
A giant cockroach comes into view.
The hobgoblin barely misses you.
Aiming: Spit Poison (2% risk of failure)
Press: ? - help, Shift-Dir - straight line, f - hobgoblin
Aim: a hobgoblin (59% to hit)
The splash of poison misses the hobgoblin.
The hobgoblin closely misses you.
You shoot an arrow. The arrow barely misses the hobgoblin.
The hobgoblin barely misses you.
There are monsters nearby!
You shoot an arrow. The arrow closely misses the hobgoblin.
You have got your breath back.
The hobgoblin hits you.
There are monsters nearby!
You take 2 damage, and have 30/32 hp.
You shoot an arrow. The arrow hits the hobgoblin.
The hobgoblin hits you. x2
There are monsters nearby!
You take 8 damage, and have 22/32 hp.
MASSIVE DAMAGE!!
You shoot an arrow. The arrow closely misses the hobgoblin.
The hobgoblin hits you.
You take 1 damage, and have 21/32 hp.
You shoot an arrow. The arrow barely misses the hobgoblin.
The hobgoblin hits you.
You take 2 damage, and have 19/32 hp.
You shoot an arrow. The arrow hits the hobgoblin.
You kill the hobgoblin!
The giant cockroach bites you.
You shoot an arrow. The arrow hits the giant cockroach.
You kill the giant cockroach!
You start resting.
Health restored: 32 You see here a +0 leather armour.
h - a +0 hat You start putting on your armour.
You continue putting on your +0 hat. x4
You finish putting on your +0 hat.
No target in view!
You see here a +0 leather armour.
There is a stone staircase leading down here.
A ball python comes into view.
The ball python hisses angrily.
You shoot an arrow. The arrow hits the ball python.
A black bear comes into view.
There are monsters nearby!
You shoot an arrow. The black bear growls angrily.
The arrow hits the ball python but does no damage.
There are monsters nearby!
There is a stone staircase leading down here.
The ball python attacks as you move away!
The ball python bites you.
The ball python bites you but does no damage.
You take 2 damage, and have 30/32 hp.
There is a stone staircase leading up here.
You shoot an arrow.
The arrow barely misses the ball python.
The arrow barely misses the black bear.
The ball python bites you. The ball python closely misses you.
You take 2 damage, and have 28/32 hp.
You shoot an arrow.
The arrow closely misses the ball python.
The ball python closely misses you. The black bear bites you.
The black bear claws you. x2
You take 9 damage, and have 19/32 hp.
MASSIVE DAMAGE!!
You shoot an arrow.
The arrow closely misses the ball python.
The ball python bites you. The black bear bites you! The black bear claws you.
* * * LOW HITPOINT WARNING * * *
The black bear claws you.
* * * LOW HITPOINT WARNING * * *
The ball python bites you.
* * * LOW HITPOINT WARNING * * *
You take 17 damage, and have 2/32 hp.
MASSIVE DAMAGE!!
The black bear bites you.
* * * LOW HITPOINT WARNING * * *
The black bear claws you.
You die...

... #.# #.# #.#
#.## #.# #.#
#....##.## ##.##
.........#
##...##
#..###.....##
#>..#.......#
##Sh.##.....##
#.@#..##.[.##
.####.###.###.##
.......#...##.#
...####........#
..(.......#.####
...#####..#.#
#..#.# #..#.#
#..#.#


You could see a black bear and a ball python.

Vanquished Creatures
  2 adders (D:2)
  3 ball pythons (D:2 D:1)
  3 bats (D:1)
  A giant cockroach (D:3)
  4 goblins (D:1 D:2)
  4 hobgoblins (D:1 D:3)
  A quokka (D:2)
  4 rats (D:1 D:2)
22 creatures vanquished.

Notes
Turn   | Place    | Note
-------+----------+-------------------------------------------
     0 | D:1      | Elmgren the Naga Hunter began the quest for the Orb.
     0 | D:1      | Reached XP level 1. HP: 19/19 MP: 1/1
    48 | D:1      | You fall into a shaft and drop 1 floor!
   410 | D:2      | Reached skill level 4 in Ranged Weapons
   410 | D:2      | Reached XP level 2. HP: 16/26 MP: 2/2
   862 | D:1      | Reached XP level 3. HP: 32/32 MP: 3/3
  1078 | D:2      | Found a faded altar of an unknown god.
  1083 | D:2      | Got Plato's Elucidation of the Atmosphere
  1669 | D:3      | Noticed a black bear
  1676 | D:3      | HP: 10/32 [black bear (7)]
  1676 | D:3      | HP: 2/32 [ball python (3)]
  1677 | D:3      | Slain by a black bear

Illustrated notes

Levels and vault maps discovered:
D:1:      eino_arrival_water_star, layout_basic
D:2:      layout_loops_corners, shapermc_ecumenical_altar_rom_forum,
          grunt_ministairs_3, amcnicky_mini_corridor_feature,
          grunt_decor_junction, kennysheep_minor_cross, minmay_misc_feat_roman
D:3:      layout_loops_ring, tgw_kikubaaqudgha, minmay_ogre_servants

Skill      XL: |  1 |
---------------+----+-----
Ranged Weapons | 4 |  4.7
Fighting       | |  2.0
Dodging        | |  1.5
Stealth        | |  1.5

Action                     || total
---------------------------++-------
   Fire: Shortbow          ||    80
Ability: Spit Poison       ||     2
    Use: Scroll            ||     3
 Armour: Leather armour    ||     8
  Dodge: Dodged            ||    31

Table legend: (Time is in decaauts)
 A = Elapsed time spent in this place.
 B = Non-inter-level travel time spent in this place.
 C = Inter-level travel time spent in this place.
 D = Time resting spent in this place.
 E = Time spent auto-exploring this place.
 F = Levels seen in this place.
 G = Mean time per level.
                   A        B        C        D        E       F      G
               +--------+--------+--------+--------+--------+-----+--------+
         Total |   2245 |   2129 |    116 |     49 |   1883 |   3 |  748.3 |
       Dungeon |   2245 |   2129 |    116 |     49 |   1883 |   3 |  748.3 |
               +--------+--------+--------+--------+--------+-----+--------+

Top non-repeatable levels by time:
     D:2: 1416 daAuts
     D:1: 694 daAuts
     D:3: 134 daAuts

Levels and vault maps discovered:
D:1:      eino_arrival_water_star, layout_basic
D:2:      layout_loops_corners, shapermc_ecumenical_altar_rom_forum,
          grunt_ministairs_3, amcnicky_mini_corridor_feature,
          grunt_decor_junction, kennysheep_minor_cross, minmay_misc_feat_roman
D:3:      layout_loops_ring, tgw_kikubaaqudgha, minmay_ogre_servants

Table legend: (Time is in decaauts)
 A = Elapsed time spent in this place.
 B = Non-inter-level travel time spent in this place.
 C = Inter-level travel time spent in this place.
 D = Time resting spent in this place.
 E = Time spent auto-exploring this place.
 F = Levels seen in this place.
 G = Mean time per level.
                   A        B        C        D        E       F      G
               +--------+--------+--------+--------+--------+-----+--------+
         Total |   2245 |   2129 |    116 |     49 |   1883 |   3 |  748.3 |
       Dungeon |   2245 |   2129 |    116 |     49 |   1883 |   3 |  748.3 |
               +--------+--------+--------+--------+--------+-----+--------+

Top non-repeatable levels by time:
     D:2: 1416 daAuts
     D:1: 694 daAuts
     D:3: 134 daAuts

Table legend:
 A = Kills in this place as a percentage of kills in the entire game.
 B = Kills by you in this place as a percentage of kills by you in the entire game.
 C = Kills by friends in this place as a percentage of kills by friends in the entire game.
 D = Other kills in this place as a percentage of other kills in the entire game.
 E = Experience gained in this place as a percentage of experience gained in the entire game.
 F = Experience gained in this place divided by the number of levels of this place that you have seen.
                   A       B       C       D       E      F
               +-------+-------+-------+-------+-------+----------------------
         Total | 100.0 | 100.0 |   N/A |   N/A | 100.0 |  20.0
       Dungeon | 100.0 | 100.0 |   N/A |   N/A | 100.0 |  20.0
               +-------+-------+-------+-------+-------+----------------------
